Map: [ESL] Alcyone

Players

HeroMarine - Winner!

  • Race: Terran Terran
  • Spawn Location: 1:00

Reynor

  • Race: Zerg Zerg
  • League: Master
  • Spawn Location: 7:00

Event: HomeStory Cup XXIV

VOD

Have the link to the VOD?

Description

Time

  • Played on: Dec. 2, 2023, 4:13 p.m.
  • Length: 8:44

All games in this series

Show
View Real Time Build Order
Export as new Build Order

HeroMarine Terran - Winner!

Build Orders: 2 Factory, Command Center First 

Get SALT Encoding   

  12  0:00  SCV  
  13  0:12  SCV  
  14  0:17  Supply Depot  
  14  0:24  SCV  
  15  0:38  SCV  
  16  0:50  SCV  
  17  0:58  Command Center  
  17  1:03  SCV  
  18  1:11  Barracks  
  18  1:15  SCV  
  19  1:27  SCV  
  20  1:39  SCV  
  21  1:46  Command Center  
  21  1:51  SCV  
  22  1:58  Marine  
  23  2:03  Orbital Command  
  23  2:11  Orbital Command  
  23  2:16  Marine  
  23  2:19  Refinery  
  23  2:21  Refinery  
  24  2:29  SCV  
  25  2:34  Marine  
  26  2:37  SCV  
  26  2:41  SCV  
  28  2:46  Refinery  
  28  2:47  Refinery  
  28  2:49  SCV  
  29  2:51  Marine  
  29  2:53  SCV  
  31  2:59  Orbital Command  
  31  3:01  SCV  
  31  3:05  SCV  
  33  3:06  Factory  
  33  3:13  Barracks Reactor, SCV  
  33  3:17  SCV  
  35  3:24  Factory  
  35  3:25  SCV x2  
  37  3:29  SCV  
  37  3:32  Supply Depot  
  38  3:37  SCV x2  
  38  3:38  Factory  
  40  3:42  SCV  
  41  3:49  SCV  
  41  3:50  SCV  
  41  3:54  SCV  
  44  3:56  Barracks Reactor, Hellion x2  
  44  4:01  SCV  
  44  4:02  SCV  
  50  4:08  Factory  
  50  4:10  Factory, SCV  
  50  4:11  Factory Tech Lab  
  50  4:13  SCV  
  50  4:15  SCV  
  50  4:16  Supply Depot  
  53  4:20  Hellion  
  53  4:22  Hellion  
  53  4:24  Orbital Command, SCV  
  57  4:27  SCV  
  57  4:30  Supply Depot  
  57  4:31  Hurricane Engines  
  59  4:37  Cyclone  
  59  4:38  Barracks Reactor  
  61  4:40  Cyclone  
  65  4:46  Supply Depot  
  65  4:48  Cyclone  
  65  4:49  Cyclone  
  65  4:50  SCV  
  65  4:52  SCV  
  69  4:53  SCV  
  69  4:58  Factory Reactor  
  70  5:02  SCV  
  70  5:04  SCV  
  70  5:05  SCV  
  70  5:06  Supply Depot  
  70  5:07  Cyclone, Supply Depot  
  75  5:14  SCV  
  75  5:16  Cyclone x2, SCV  
  75  5:17  SCV  
  75  5:21  Cyclone, Supply Depot  
  84  5:26  SCV  
  86  5:28  SCV  
  86  5:29  Supply Depot, SCV  
  86  5:31  Cyclone  
  86  5:34  Cyclone  
  86  5:35  Cyclone x2  
  95  5:39  Cyclone  
  95  5:42  SCV x2  
  99  5:45  SCV  
  94  5:55  Cyclone  
  76  5:57  SCV x3  
  76  6:01  Cyclone x2  
  84  6:17  Cyclone, Supply Depot  
  82  6:18  Cyclone  
  82  6:19  Cyclone x3, Infernal Pre-Igniter  
  82  6:23  Cyclone  
  82  6:24  SCV  
  82  6:25  SCV x2  
  94  6:29  Cyclone  
  97  6:33  Cyclone  
  97  6:34  Cyclone  
  97  6:36  SCV  
  102  6:42  Supply Depot  
  102  6:43  Supply Depot  
  102  6:49  Cyclone  
  102  6:50  Cyclone  
  102  6:51  Cyclone x2  
  105  7:05  Cyclone  
  105  7:06  Cyclone  
  105  7:08  Cyclone  
  91  7:09  Cyclone x2  
  91  7:15  SCV x2  
  89  7:16  SCV  
  89  7:21  Cyclone  
  92  7:27  SCV x2  
  92  7:28  Hellion, Armory, SCV  
  93  7:38  Cyclone  
  89  7:49  Cyclone x3  
  89  7:50  SCV  
  93  7:54  SCV  
  91  7:58  SCV  
  91  7:59  Cyclone  
  91  8:02  SCV  
  94  8:06  SCV  
  94  8:08  Cyclone  
  94  8:10  SCV  
  100  8:14  SCV  
  100  8:18  SCV  
  102  8:22  SCV  
  102  8:26  SCV  
  108  8:30  SCV  
Show
View Real Time Build Order
Export as new Build Order

Reynor Zerg 

Build Orders: Hatch First 

Get SALT Encoding   

  12  0:00  Drone  
  13  0:12  Overlord  
  13  0:16  Drone  
  14  0:30  Drone  
  14  0:31  Drone  
  16  0:48  Hatchery  
  15  0:51  Drone  
  15  0:54  Drone  
  17  0:57  Drone  
  18  1:07  Extractor  
  17  1:13  Spawning Pool  
  17  1:15  Drone  
  17  1:19  Drone  
  18  1:28  Drone  
  19  1:39  Drone  
  20  1:49  Overlord  
  20  1:59  Queen x2  
  20  2:00  Zergling x4  
  26  2:10  Drone  
  26  2:11  Drone  
  28  2:21  Drone x2  
  30  2:28  Hatchery  
  29  2:32  Drone x2  
  31  2:37  Metabolic Boost  
  31  2:42  Drone  
  32  2:44  Overlord  
  32  2:51  Queen  
  34  2:54  Drone  
  34  2:55  Drone  
  36  3:02  Queen  
  36  3:04  Drone  
  39  3:06  Drone  
  39  3:09  Drone x2  
  42  3:13  Overlord  
  42  3:18  Overlord  
  42  3:19  Drone  
  43  3:21  Drone  
  44  3:31  Queen  
  44  3:32  Drone  
  47  3:34  Overlord  
  47  3:36  Drone x2  
  47  3:40  Drone  
  47  3:41  Queen  
  50  3:43  Drone  
  50  3:47  Drone  
  54  3:49  Queen  
  54  3:52  Drone  
  54  3:53  Drone  
  58  3:56  Drone  
  58  4:01  Zergling x6  
  58  4:02  Drone  
  63  4:03  Drone  
  63  4:09  Queen  
  66  4:12  Drone  
  66  4:14  Drone x3  
  66  4:16  Zergling x4  
  72  4:20  Overlord  
  73  4:24  Drone  
  73  4:26  Drone  
  73  4:29  Lair  
  73  4:30  Spore Crawler  
  73  4:31  Extractor  
  73  4:32  Drone  
  73  4:34  Drone  
  73  4:37  Overlord  
  74  4:40  Drone  
  74  4:41  Drone x2  
  74  4:44  Zergling x4  
  79  4:46  Baneling Nest  
  79  4:48  Drone, Spore Crawler x2, Overlord  
  79  4:50  Drone  
  79  4:52  Drone  
  78  4:54  Queen  
  80  5:01  Overlord  
  80  5:02  Zergling x10  
  80  5:04  Drone  
  80  5:05  Extractor  
  85  5:10  Overlord  
  85  5:12  Drone  
  86  5:15  Overlord  
  86  5:17  Zergling x6  
  89  5:23  Zergling x4  
  92  5:28  Zergling x2  
  92  5:30  Zergling x6  
  92  5:32  Zergling x6, Centrifugal Hooks  
  98  5:36  Zergling x4  
  98  5:39  Overlord, Hatchery  
  99  5:46  Zergling x4  
  97  5:54  Overlord  
  97  5:55  Zergling x4  
  97  5:59  Zergling x4  
  98  6:04  Zergling x12  
  98  6:08  Zergling x2  
  105  6:12  Zergling x4  
  105  6:17  Zergling x2  
  106  6:20  Zergling x2  
  106  6:22  Zergling x2  
  107  6:27  Baneling x22  
  107  6:28  Zergling x2  
  107  6:31  Zergling x2  
  107  6:32  Zergling x4  
  111  6:33  Zergling x8  
  111  6:34  Baneling x3  
  111  6:35  Baneling  
  111  6:38  Overlord  
  111  6:39  Zergling x4  
  117  6:42  Baneling x2  
  117  6:51  Hatchery  
  117  6:53  Zergling x2  
  117  6:54  Zergling x8  
  118  6:59  Zergling x2  
  104  7:01  Zergling x2  
  104  7:06  Drone x4  
  101  7:11  Drone x2  
  101  7:13  Drone x2  
  101  7:15  Evolution Chamber  
  92  7:17  Zergling x6  
  92  7:21  Baneling x11  
  95  7:23  Zergling x6  
  95  7:25  Hatchery  
  95  7:28  Zergling x6  
  95  7:29  Baneling x3  
  100  7:30  Baneling  
  100  7:32  Zergling x4  
  100  7:33  Zergling x2  
  103  7:41  Zergling x4  
  103  7:43  Zergling x4  
  102  7:45  Zergling x2  
  102  7:46  Zergling x4  
  102  7:48  Zergling x6  
  108  7:58  Zergling x14  
  104  8:00  Zergling x2  
  104  8:01  Baneling  
  104  8:02  Baneling x10  
  105  8:07  Overlord  
  105  8:09  Zergling x4  
  105  8:16  Zergling x8  
  105  8:19  Drone  
  108  8:20  Drone x4  
  108  8:21  Extractor  
Tags
 
Add a new tag
Caveats
  • Supply blocks, unpowered buildings, or Contaminate may cause inaccurate times.
  • Supply counts are checked every 10 seconds.